 Dungeon Crawl Stone Soup version 0.18-a0-1805-g8ab820f (webtiles) character file.

178 MrRokkomies the Firebug (level 5, -1/38 HPs)
             Began as a Demigod Fire Elementalist on Apr 26, 2016.
             Slain by a black bear (6 damage)
             ... on level 3 of the Dungeon.
             The game lasted 00:21:50 (2772 turns).

MrRokkomies the Firebug (Demigod Fire Elementalist) Turns: 2772, Time: 00:21:50

Health: -1/38      AC:  8    Str: 18    XL:     5   Next: 10%
Magic:  10/10      EV: 10    Int: 19    God:
Gold:   163        SH:  0    Dex: 16    Spells: 2 memorised, 3 levels left

rFire  . . .     SeeInvis .     r - +2 spear (chaos)
rCold  . . .     Gourm    .     i - +0 scale mail (curse)
rNeg   . . .     Faith    .     (no shield)
rPois  .         Spirit   .     (no helmet)
rElec  .         Dismiss  .     (no cloak)
rCorr  .         Reflect  .     p - +0 pair of gloves
SustAt +         Harm     .     h - +0 pair of boots
MR     .....                    (no amulet)
Stlth  +.........               (no ring)
                                k - ring of wizardry

@: mighty, not resistant to hostile enchantments, very unstealthy
A: high mp 1, sustain attributes
a: no special abilities


You were on level 3 of the Dungeon.
You were not hungry.

You visited 1 branch of the dungeon, and saw 3 of its levels.

You collected 163 gold pieces.

Inventory:

Hand Weapons
 d - a +1 mace
 r - a +2 spear of chaos (weapon)
Missiles
 n - 3 javelins (quivered)
Armour
 h - a +0 pair of boots (worn)
 i - a cursed +0 scale mail (worn)
 m - a +3 leather armour
 p - a +0 pair of gloves (worn)
Jewellery
 k - a ring of wizardry (left hand)
Scrolls
 q - a scroll of enchant weapon
Potions
 e - a potion of resistance {unknown}
 g - a potion of haste {unknown}
 j - a potion of berserk rage {unknown}
Books
 b - a book of Flames

   Spells                             Type                      Level
   a - Flame Tongue                   Conjuration/Fire             1
   b - Throw Flame                    Conjuration/Fire             2
   c - Conjure Flame                  Conjuration/Fire             3
   d - Inner Flame                    Hexes/Fire                   3
   e - Sticky Flame                   Conjuration/Fire             4
   f - Fireball                       Conjuration/Fire             5
Comestibles
 c - 3 bread rations
 f - a meat ration
 l - a beef jerky


   Skills:
 - Level 1.7 Dodging
 - Level 1.7 Stealth
 - Level 1.7 Spellcasting
 * Level 3.3 Conjurations
 * Level 4.3 Fire Magic


You had 3 spell levels left.
You knew the following spells:

 Your Spells              Type           Power        Failure   Level  Hunger
a - Flame Tongue          Conj/Fire      ###..        6%          1    #......
b - Conjure Flame         Conj/Fire      ###.....     16%         3    ###....


Dungeon Overview and Level Annotations

Branches:
Dungeon (3/15)


Innate Abilities, Weirdness & Mutations

You have an increased reservoir of magic (+10% MP).
Your attributes are resistant to harm.


Message History

The black bear claws you but does no damage.
You hit the black bear.
The black bear is poisoned.
The black bear is moderately wounded.
The black bear closely misses you. The black bear claws you.
* * * LOW HITPOINT WARNING * * *
The black bear claws you.
* * * LOW HITPOINT WARNING * * *
You closely miss the black bear.
The black bear is moderately wounded.
The black bear bites you but does no damage.
The black bear closely misses you.
The black bear claws you but does no damage.
The black bear bites you.
* * * LOW HITPOINT WARNING * * *
The black bear claws you but does no damage.
The black bear closely misses you.
You hit the black bear. You freeze the black bear.
The black bear is heavily wounded.
The black bear bites you.
You die...

....+.....................
#[..#########.#.##########
#............†.......
#....................
#....................
#....................
#...................<
#....................
#.......h@...........
#...................
#..................
#.................
.................
.......########.. .......
. ......


You could see a black bear.

Vanquished Creatures
  Natasha (twice) (D:3)
  A gnoll (D:2)
  3 adders (D:2)
  An ooze (D:2)
  2 worms
  3 dart slugs
  A giant gecko (D:1)
  2 orcs
  5 bats
  4 giant cockroaches
  10 goblins
  8 hobgoblins
  8 jackals
  4 giant newts
  9 kobolds
  11 rats
74 creatures vanquished.

Notes
Turn   | Place    | Note
--------------------------------------------------------------
     0 | D:1      | MrRokkomies the Demigod Fire Elementalist began the quest for the Orb.
     0 | D:1      | Reached XP level 1. HP: 14/14 MP: 5/5
   100 | D:1      | Reached skill level 1 in Conjurations
   375 | D:1      | Reached skill level 3 in Fire Magic
   375 | D:1      | Reached XP level 2. HP: 8/20 MP: 2/7
   977 | D:1      | Reached XP level 3. HP: 16/26 MP: 2/8
  1020 | D:1      | Learned a level 3 spell: Conjure Flame
  2045 | D:2      | Reached XP level 4. HP: 31/33 MP: 9/9
  2533 | D:2      | Found a shimmering altar of Xom.
  2659 | D:3      | Noticed Natasha
  2670 | D:3      | Reached skill level 4 in Fire Magic
  2693 | D:3      | Killed Natasha
  2740 | D:3      | Noticed Natasha
  2749 | D:3      | Killed Natasha
  2749 | D:3      | Reached XP level 5. HP: 34/38 MP: 10/10
  2760 | D:3      | Noticed a black bear
  2772 | D:3      | Slain by a black bear

Vault maps used:
D:1:      wheals_arrival_linesprint
D:2:      tgw_xom, first_bread
D:3:      kiku_gazebo_pond_becter, grunt_temple_overflow_open, nemelex_deck,
          st_stairs_9, hex_large, uniq_natasha

Skill      XL: |  1  2  3  4 |
---------------+-------------+-----
Conjurations   | 1 2 3 |  3.3
Fire Magic     | 3 4 |  4.3
Dodging        | |  1.7
Stealth        | |  1.7
Spellcasting   | |  1.7

Action                   |  1- 3 |  4- 6 || total
-------------------------+-------+-------++-------
Melee: Mace              |   155 |    36 ||   191
       Spear             |       |    26 ||    26
Throw: Javelin           |     3 |       ||     3
 Cast: Flame Tongue      |    16 |    10 ||    26
       Conjure Flame     |     2 |       ||     2
  Use: Scroll            |     2 |     2 ||     4
       Potion            |       |     1 ||     1
 Stab: Sleeping          |     1 |     3 ||     4
  Eat: Chunk             |     3 |     4 ||     7
Armor: Ring mail         |    55 |       ||    55
       Leather armour    |    47 |    13 ||    60
       Scale mail        |       |     7 ||     7
Dodge: Dodged            |   139 |    44 ||   183
